 Dungeon Crawl Stone Soup version 0.30.1-3-gfc49f6343a (webtiles) character file.

Game seed: 8741430603327961537

11351 FishyPogo the Martial Artist (level 11, 0/84 HPs)
             Began as a Gnoll Transmuter on Aug 2, 2023.
             Was a High Priest of Dithmenos.
             Slain by a shadow (25 damage)
             ... on level 11 of the Dungeon.
             The game lasted 00:46:41 (10818 turns).

FishyPogo the Martial Artist (Gnoll Transmuter)    Turns: 10818, Time: 00:46:42

Health: 0/84       AC: 13    Str:  9    XL:     11   Next: 76%
Magic:  23/23      EV: 15    Int: 17    God:    Dithmenos [*****.]
Gold:   263        SH:  0    Dex: 13    Spells: 1/27 levels left

rFire   . . .        e - +6 short sword (flame)
rCold   . . .        (no shield)
rNeg    . . .        g - +2 robe {Will+}
rPois   +            F - melded +0 helmet
rElec   .            x - +0 cloak
rCorr   .            K - +2 pair of gloves
SInv    .            R - melded +2 pair of boots {Stlth+}
Will    +....        U - amulet of magic regeneration
Stlth   +++++        C - ring of poison resistance
HPRegen 0.34/turn    N - +4 ring of protection
MPRegen 0.58/turn

%: no passive effects
@: about to teleport, appendages, wereblooded, wreathed by umbra, unable to
drink
A: horns 2, fangs 1, strong nose, distributed training, talons 2, inability to
drink after injury 1
a: End Transformation, Renounce Religion, Shadow Step, Shadow Form


You were on level 11 of the Dungeon.
You worshipped Dithmenos.
Dithmenos was extremely pleased with you.
You had temporarily grown beastly horns.
You visited 1 branch of the dungeon, and saw 11 of its levels.

You collected 589 gold pieces.
You spent 326 gold pieces at shops.

Inventory:

Hand Weapons
 e - a +6 short sword of flaming (weapon)
 A - a +3 falchion
Missiles
 h - 113 stones
 l - 3 boomerangs of dispersal
 n - 12 poisoned darts
 u - a javelin
 y - 4 boomerangs
 B - 4 atropa-tipped darts
 P - 4 throwing nets
Armour
 g - a +2 robe of willpower (worn)
 x - a +0 cloak (worn)
 F - a +0 helmet (melded)
 K - a +2 pair of gloves (worn)
 R - a +2 pair of boots of stealth (melded)
Jewellery
 w - a ring of magical power
 C - a ring of poison resistance (left hand)
 N - a +4 ring of protection (right hand)
 U - an amulet of magic regeneration (around neck)
Wands
 q - a wand of quicksilver (11)
 D - a wand of mindburst (9)
 M - a wand of flame (4)
 O - a wand of iceblast (3)
 T - a wand of digging (5)
Scrolls
 c - 2 scrolls of teleportation
 d - a scroll of fog {unknown}
 f - 4 scrolls of blinking
 j - 3 scrolls of enchant armour
 k - 4 scrolls of fear
 m - 4 scrolls of poison {unknown}
 o - a scroll of amnesia {unknown}
 s - a scroll of brand weapon {unknown}
 G - a scroll of magic mapping {unknown}
 H - 5 scrolls of identify
 I - a scroll of vulnerability {unknown}
 L - a scroll of enchant weapon {unknown}
 Q - a scroll of butterflies {unknown}
Potions
 a - a potion of degeneration {unknown}
 b - 2 potions of lignification
 i - 2 potions of berserk rage
 p - 2 potions of magic
 r - a potion of haste
 t - 2 potions of brilliance
 v - 3 potions of flight
 z - 3 potions of curing
 E - 4 potions of mutation
 J - a potion of heal wounds
 S - 2 potions of might {unknown}


   Skills:
 + Level 7.4 Fighting
 + Level 6.8 Short Blades
 + Level 6.8 Long Blades
 + Level 6.8 Axes
 + Level 6.8 Maces & Flails
 + Level 6.8 Polearms
 + Level 6.8 Staves
 + Level 6.8 Ranged Weapons
 + Level 6.8 Throwing
 + Level 6.8 Armour
 + Level 8.3 Dodging
 + Level 6.8 Stealth
 + Level 6.8 Shields
 + Level 9.5 Unarmed Combat
 + Level 8.6 Spellcasting
 + Level 5.6 Conjurations
 + Level 5.6 Hexes
 + Level 5.6 Summonings
 + Level 5.6 Necromancy
 + Level 5.6 Translocations
 + Level 6.9 Transmutations
 + Level 5.6 Fire Magic
 + Level 5.6 Ice Magic
 + Level 5.6 Air Magic
 + Level 5.6 Earth Magic
 + Level 5.6 Poison Magic
 + Level 7.5 Invocations
 + Level 6.8 Evocations


You had one spell level left.
You knew the following spells:

 Your Spells              Type           Power      Damage    Failure   Level
a - Beastly Appendage     Tmut           60%        N/A       1%          1
b - Wereblood             Tmut           30%        N/A       1%          2
c - Spider Form           Tmut/Pois      28%        N/A       2%          3
d - Tukima's Dance        Hex            26%        N/A       2%          3
e - Summon Mana Viper     Hex/Summ       26%        N/A       26%         5
h - Hailstorm             Conj/Ice       26%        3d7       2%          3
k - Blade Hands           Tmut           15%        N/A       16%         5
l - Ice Form              Ice/Tmut       28%        N/A       8%          4

Your spell library contained the following spells:

 Spells                   Type           Power      Damage    Failure   Level
 Dazzling Flash           Conj/Hex       52%        N/A       2%          3
 Gell's Gravitas          Tloc           26%        N/A       2%          3
 Portal Projectile        Hex/Tloc       52%        N/A       2%          3
 Teleport Other           Tloc           26%        N/A       2%          3
 Volatile Blastmotes      Fire/Tloc      52%        2d14      2%          3
 Iskenderun's Mystic Bla  Conj/Tloc      26%        2d7       10%         4
 Summon Forest            Summ/Tloc      13%        N/A       26%         5
 Dispersal                Tloc           13%        N/A       82%         6
 Simulacrum               Ice/Necr       13%        N/A       82%         6
 Starburst                Conj/Fire      13%        6d5       82%         6
 Summon Cactus Giant      Summ           13%        N/A       82%         6


Dungeon Overview and Level Annotations

Branches:
Dungeon (11/15)            Temple (0/1) D:4            Lair (0/5) D:8
    Orc (0/2) D:9

Altars:
Ashenzari
Dithmenos
Sif Muna
Vehumet
Wu Jian

Shops:
D:5 [   D:9 [

Annotations:
D:11 Psyche


Innate Abilities, Weirdness & Mutations

You have temporarily grown beastly horns.
You have very sharp teeth.
Your uncanny sense of smell can sniff out nearby items.
Your experience applies equally to all skills.
You have razor-sharp toenails.
You occasionally lose the ability to drink potions when taking damage.


Message History

You feel less stealthy.
You climb downwards.
Level annotation: Psyche The two-headed ogre closely misses you.
The two-headed ogre misses you.
The cyclops shouts!
There is a stone staircase leading up here.
You hit the cyclops. You burn the cyclops.
You claw the cyclops, but do no damage.
The cyclops is lightly wounded.
The two-headed ogre hits you with a +0 giant spiked club!
The two-headed ogre hits you with a +0 giant club!
The cyclops barely misses you.
As you read the scroll of teleportation, it crumbles to dust.
You feel strangely unstable.
The shadow slips into darkness.
The shadow flickers and vanishes!
Deactivating autopickup; reactivate with Ctrl-A.
You hit the cyclops. You burn the cyclops. You claw the cyclops.
Your bite misses the cyclops.
The cyclops is lightly wounded.
The two-headed ogre hits you with a +0 giant spiked club!
The two-headed ogre hits you with a +0 giant club.
The cyclops completely misses you.
You barely miss the cyclops.
The cyclops is lightly wounded.
You puncture the cyclops! You burn the cyclops.
You claw the cyclops, but do no damage.
The cyclops is moderately wounded.
The cyclops hits you!
You feel threatened and lose the ability to drink potions!
* * * LOW HITPOINT WARNING * * *
The two-headed ogre closely misses you. x2
You hit the cyclops. You burn the cyclops.
You bite the cyclops, but do no damage.
The cyclops is heavily wounded.
You hit the cyclops. You burn the cyclops. Your kick misses the cyclops.
Your headbutt misses the cyclops.
The cyclops is heavily wounded.
The shadow strikes at you from the darkness!
You die...

######## ##......## ##.......@##
#.......C9O# ##.....##
#...)..H...# ##.......## #
#........T.# #.........#
...##..........# #.....(...#
#......)......## #.....((.(K
.########.[...........#.K.......#
...y.###....................h....
~~~~~~~#......)...#####.....<...#


You could see a two-headed ogre, a manticore, a cyclops, a troll and a gargoyle.

Vanquished Creatures
  2 boulder beetles
  2 two-headed ogres
  A kobold demonologist (D:11)
  2 trolls (D:10)
  5 slime creatures (D:10)
  3 wyverns
  A yak (D:8)
  3 steam dragons
  2 vampire mosquitoes
  An acid dragon (D:9)
  2 wargs (D:9)
  5 water moccasins
  Duvessa (D:7)
  5 orc warriors
  4 black bears
  4 ice beasts
  A sky beast (D:5)
  4 ogres
  6 centaurs
  2 phantoms
  2 kobold brigands
  Blork the orc (D:6)
  7 bullfrogs
  3 scorpions
  A gnoll sergeant (D:7)
  10 wights (D:8)
  Dowan (D:7)
  7 killer bees (D:9)
  5 howler monkeys
  A jelly (D:6)
  5 hounds
  Crazy Yiuf (D:6)
  11 orc priests
  A gnoll bouda (D:9)
  2 sleepcaps
  Ijyb (D:5)
  2 iguanas
  7 orc wizards
  7 adders
  10 gnolls
  4 river rats (D:6)
  A shadow imp (D:8)
  A white imp (D:6)
  A worm (D:2)
  4 dart slugs
  34 orcs
  3 bats
  3 endoplasms
  11 giant cockroaches
  5 hobgoblins
  8 kobolds
  2 quokkas
  5 ball pythons
  3 goblins
  2 rats
228 creatures vanquished.

Vanquished Creatures (others)
  3 dancing weapons (D:8)
3 creatures vanquished.

Grand Total: 231 creatures vanquished

Notes
Turn   | Place    | Note
-------+----------+-------------------------------------------
     0 | D:1      | FishyPogo the Gnoll Transmuter began the quest for the Orb.
     0 | D:1      | Reached XP level 1. HP: 17/17 MP: 6/6
   143 | D:1      | Reached XP level 2. HP: 11/23 MP: 5/7
   363 | D:1      | Found a faded altar of an unknown god.
   367 | D:1      | Prayed at the altar of an unknown god.
   367 | D:1      | Became a worshipper of Dithmenos the Shadowed
   367 | D:1      | Reached * piety under Dithmenos
   767 | D:2      | Reached skill level 5 in Spellcasting
   767 | D:2      | Reached XP level 3. HP: 24/28 MP: 7/9
   782 | D:2      | Learned a level 2 spell: Wereblood
   848 | D:2      | Reached skill level 1 in Invocations
  1325 | D:2      | Reached skill level 1 in Short Blades
  1325 | D:2      | Reached skill level 1 in Long Blades
  1325 | D:2      | Reached skill level 1 in Axes
  1325 | D:2      | Reached skill level 1 in Maces & Flails
  1325 | D:2      | Reached skill level 1 in Polearms
  1325 | D:2      | Reached skill level 1 in Staves
  1325 | D:2      | Reached skill level 1 in Ranged Weapons
  1325 | D:2      | Reached skill level 1 in Throwing
  1325 | D:2      | Reached skill level 1 in Armour
  1325 | D:2      | Reached skill level 1 in Stealth
  1325 | D:2      | Reached skill level 1 in Shields
  1325 | D:2      | Reached skill level 1 in Evocations
  1634 | D:3      | Reached XP level 4. HP: 23/33 MP: 8/11
  1637 | D:3      | Reached skill level 1 in Conjurations
  1637 | D:3      | Reached skill level 1 in Hexes
  1637 | D:3      | Reached skill level 1 in Summonings
  1637 | D:3      | Reached skill level 1 in Necromancy
  1637 | D:3      | Reached skill level 1 in Translocations
  1637 | D:3      | Reached skill level 1 in Fire Magic
  1637 | D:3      | Reached skill level 1 in Ice Magic
  1637 | D:3      | Reached skill level 1 in Air Magic
  1637 | D:3      | Reached skill level 1 in Earth Magic
  1637 | D:3      | Reached skill level 1 in Poison Magic
  1675 | D:3      | Found a radiant altar of Vehumet.
  1675 | D:3      | Found a broken altar of Ashenzari.
  1680 | D:3      | Found a faded altar of an unknown god.
  1682 | D:3      | Found an ornate altar of the Wu Jian Council.
  1683 | D:3      | Found a shimmering blue altar of Sif Muna.
  1993 | D:4      | Noticed an ogre
  1999 | D:4      | Killed an ogre
  2000 | D:4      | Reached XP level 5. HP: 41/41 MP: 10/12
  2021 | D:4      | Reached ** piety under Dithmenos
  2025 | D:4      | Reached XP level 6. HP: 27/47 MP: 10/13
  2228 | D:4      | Reached skill level 5 in Dodging
  2387 | D:4      | Found a staircase to the Ecumenical Temple.
  2400 | D:4      | Learned a level 3 spell: Spider Form
  2404 | D:4      | Reached skill level 7 in Unarmed Combat
  2404 | D:4      | Reached XP level 7. HP: 52/52 MP: 11/15
  3001 | D:5      | Entered Level 5 of the Dungeon
  3140 | D:5      | Found Yheffazozo's Armour Boutique.
  3148 | D:5      | Bought a +1 robe of willpower for 139 gold pieces
  3251 | D:5      | Noticed Ijyb
  3272 | D:5      | Killed Ijyb
  3404 | D:5      | Reached XP level 8. HP: 43/60 MP: 16/16
  3849 | D:6      | Noticed Blork the orc
  3869 | D:6      | Killed Blork the orc
  3888 | D:5      | HP: 2/61 [ice beast (9)]
  4124 | D:5      | Reached skill level 5 in Transmutations
  4134 | D:6      | Reached *** piety under Dithmenos
  4152 | D:6      | Reached XP level 9. HP: 37/66 MP: 14/18
  4273 | D:6      | Found a runed translucent door.
  4274 | D:6      | Noticed Crazy Yiuf
  4283 | D:6      | Killed Crazy Yiuf
  4515 | D:6      | Learned a level 4 spell: Ice Form
  4535 | D:6      | Found a radiant altar of Vehumet.
  4589 | D:6      | Reached skill level 5 in Fighting
  5238 | D:7      | Reached skill level 8 in Unarmed Combat
  5336 | D:7      | Noticed Duvessa
  5338 | D:7      | Noticed Dowan
  5343 | D:7      | Killed Duvessa
  5344 | D:7      | Reached skill level 5 in Invocations
  5367 | D:7      | Killed Dowan
  5797 | D:7      | Reached **** piety under Dithmenos
  6167 | D:8      | Reached skill level 5 in Short Blades
  6167 | D:8      | Reached skill level 5 in Long Blades
  6167 | D:8      | Reached skill level 5 in Axes
  6167 | D:8      | Reached skill level 5 in Maces & Flails
  6167 | D:8      | Reached skill level 5 in Polearms
  6167 | D:8      | Reached skill level 5 in Staves
  6167 | D:8      | Reached skill level 5 in Ranged Weapons
  6167 | D:8      | Reached skill level 5 in Throwing
  6167 | D:8      | Reached skill level 5 in Armour
  6167 | D:8      | Reached skill level 5 in Stealth
  6167 | D:8      | Reached skill level 5 in Shields
  6167 | D:8      | Reached skill level 5 in Evocations
  6167 | D:8      | Reached XP level 10. HP: 76/76 MP: 20/20
  6257 | D:8      | Learned a level 3 spell: Tukima's Dance
  6263 | D:8      | Learned a level 5 spell: Blade Hands
  6662 | D:8      | Found a staircase to the Lair.
  6858 | D:8      | Learned a level 5 spell: Summon Mana Viper
  7738 | D:9      | Reached ***** piety under Dithmenos
  7923 | D:9      | Found a staircase to the Orcish Mines.
  8238 | D:9      | Reached skill level 9 in Unarmed Combat
  8346 | D:9      | Noticed a two-headed ogre
  8355 | D:9      | Killed a two-headed ogre
  8356 | D:9      | Reached skill level 5 in Conjurations
  8356 | D:9      | Reached skill level 5 in Hexes
  8356 | D:9      | Reached skill level 5 in Summonings
  8356 | D:9      | Reached skill level 5 in Necromancy
  8356 | D:9      | Reached skill level 5 in Translocations
  8356 | D:9      | Reached skill level 5 in Fire Magic
  8356 | D:9      | Reached skill level 5 in Ice Magic
  8356 | D:9      | Reached skill level 5 in Air Magic
  8356 | D:9      | Reached skill level 5 in Earth Magic
  8356 | D:9      | Reached skill level 5 in Poison Magic
  8356 | D:9      | Reached XP level 11. HP: 59/83 MP: 20/23
  8838 | D:9      | Found Antera's Antique Armour Emporium.
  8846 | D:9      | Bought a pair of glowing boots for 187 gold pieces
  8973 | D:10     | Entered Level 10 of the Dungeon
  9920 | D:10     | Learned a level 3 spell: Hailstorm
  9971 | D:11     | Noticed a boulder beetle
 10026 | D:11     | Killed a boulder beetle
 10268 | D:11     | Noticed a green ugly thing
 10268 | D:11     | Noticed a two-headed ogre
 10273 | D:11     | Noticed a cyclops
 10275 | D:11     | Noticed a centaur warrior
 10275 | D:11     | Noticed a manticore
 10278 | D:11     | Noticed a manticore
 10279 | D:11     | Noticed a boulder beetle
 10279 | D:11     | Noticed Psyche
 10279 | D:11     | Noticed a two-headed ogre
 10292 | D:11     | Gained mutation: You occasionally lose the ability to drink
                  | potions when taking damage. [potion of mutation]
 10292 | D:11     | Gained mutation: You have sharp toenails. [potion of
                  | mutation]
 10292 | D:11     | Gained mutation: You have razor-sharp toenails. [potion of
                  | mutation]
 10294 | D:11     | Noticed a two-headed ogre
 10387 | D:11     | Killed a two-headed ogre
 10702 | D:10     | Killed a boulder beetle
 10818 | D:11     | Slain by a shadow

Illustrated notes

Levels and vault maps discovered:
D:1:      sevenhm_arrival_forest_fort_small_5, layout_basic,
          shapermc_ecumenical_altar_acropolis
D:2:      minmay_roachtagon, layout_loops_corners, grunt_decor_clamped
D:3:      layout_rooms, chequers_temple_overflow_minitemple
D:4:      layout_loops_ring, temple_pool_b, serial_bayou_pond_a,
          minmay_quantized
D:5:      layout_cave_pools, serial_shops, shop, minivault_23, uniq_ijyb
D:6:      wad_woods_stonehenge, layout_cave_pools, lemuel_flame_loot_1,
          uniq_blork_the_orc, uniq_crazy_yiuf_cottage
D:7:      layout_cave_pools, grunt_ministairs_8, nicolae_nh_ransacked_shop,
          uniq_duvessa
D:8:      cheibrodos_steamvent, layout_layer_cave, due_lair_maze_entry_diamond
D:9:      layout_basic, david_orc_1_choice, serial_shops, shop
D:10:     layout_irregular_city
D:11:     cheibrodos_ideogram_h, layout_rooms, dilly_guarded_unrand_devastator,
          uniq_psyche, uniq_erica

Skill      XL: |  1  2  3  4  5  6  7  8  9 10 11 |
---------------+----------------------------------+-----
Spellcasting   | 5 6 7 8 |  8.6
Invocations    | 1 2 3 4 5 6 7 |  7.5
Short Blades   | 1 2 3 5 6 |  6.8
Long Blades    | 1 2 3 5 6 |  6.8
Axes           | 1 2 3 5 6 |  6.8
Maces & Flails | 1 2 3 5 6 |  6.8
Polearms       | 1 2 3 5 6 |  6.8
Staves         | 1 2 3 5 6 |  6.8
Ranged Weapons | 1 2 3 5 6 |  6.8
Throwing       | 1 2 3 5 6 |  6.8
Armour         | 1 2 3 5 6 |  6.8
Stealth        | 1 2 3 5 6 |  6.8
Shields        | 1 2 3 5 6 |  6.8
Evocations     | 1 2 3 5 6 |  6.8
Conjurations   | 1 2 3 4 5 |  5.6
Hexes          | 1 2 3 4 5 |  5.6
Summonings     | 1 2 3 4 5 |  5.6
Necromancy     | 1 2 3 4 5 |  5.6
Translocations | 1 2 3 4 5 |  5.6
Fire Magic     | 1 2 3 4 5 |  5.6
Ice Magic      | 1 2 3 4 5 |  5.6
Air Magic      | 1 2 3 4 5 |  5.6
Earth Magic    | 1 2 3 4 5 |  5.6
Poison Magic   | 1 2 3 4 5 |  5.6
Fighting       | 3 4 5 6 7 |  7.4
Transmutations | 4 5 6 |  6.9
Dodging        | 5 6 7 8 |  8.3
Unarmed Combat | 7 8 9 |  9.5

Action                     |  1- 3 |  4- 6 |  7- 9 | 10-12 || total
---------------------------+-------+-------+-------+-------++-------
  Melee: Unarmed           |    68 |     6 |    39 |     2 ||   115
         Kick              |    11 |    12 |    78 |   140 ||   241
         Bite              |     5 |     5 |    20 |    61 ||    91
         Headbutt          |    15 |     7 |    52 |    84 ||   158
         Punch             |     3 |     1 |    11 |    22 ||    37
         Dagger            |       |    60 |   213 |       ||   273
         Short sword       |       |       |    63 |   386 ||   449
  Throw: Dart              |       |     2 |     3 |     5 ||    10
         Javelin           |       |       |       |     6 ||     6
   Cast: Beastly Appendage |    23 |     4 |    29 |    33 ||    89
         Wereblood         |     1 |     2 |    12 |    15 ||    30
         Spider Form       |       |     1 |     5 |     1 ||     7
         Tukima's Dance    |       |       |       |     7 ||     7
Ability: End Transformatio |       |       |     1 |       ||     1
  Evoke: Wand              |       |       |     1 |    10 ||    11
    Use: Potion            |       |     4 |     2 |     4 ||    10
         Scroll            |       |       |    10 |     5 ||    15
   Stab: Sleeping          |     5 |     1 |     8 |    11 ||    25
         Invisible         |       |       |     1 |       ||     1
 Armour: Robe              |     9 |     9 |    41 |    71 ||   130
         Skin              |       |    38 |       |       ||    38
  Dodge: Dodged            |    51 |    40 |   222 |   275 ||   588
